 Dungeon Crawl Stone Soup version 0.23-a0-577-g2b1de94 (webtiles) character file.

13051 tilp the Thrower (level 11, 0/105 HPs)
             Began as a Troll Monk on Dec 15, 2018.
             Was a Follower of Ru.
             Slain by a white ugly thing (9 damage)
             ... on level 11 of the Dungeon.
             The game lasted 00:34:25 (9712 turns).

tilp the Thrower (Troll Monk)                       Turns: 9712, Time: 00:34:26

Health: 0/105      AC: 10    Str: 21    XL:     11   Next: 70%
Magic:  13/13      EV: 12    Int:  6    God:    Ru [*.....]
Gold:   593        SH:  0    Dex: 19    Spells: 10/10 levels left

rFire    . . .     SeeInvis .     - Unarmed
rCold    + . .     Gourm    +   (no shield)
rNeg     . . .     Faith    +   N - +1 robe {rC+}
rPois    .         Spirit   .   U - +1 hat
rElec    .         Reflect  .   (no cloak)
rCorr    .         Harm     .   (gloves unavailable)
MR       .....                  (boots unavailable)
Stlth    ..........             p - amulet of faith
HPRegen  0.67/turn              M - +3 ring of protection
MPRegen  0.13/turn              O - +4 ring of dexterity

@: studying Armour
A: large, unfitting armour, claws 3, fast metabolism 3, gourmand, low mp 1,
regeneration 1, shaggy fur 1, tough skin 2, no stealth
a: Renounce Religion


You were on level 11 of the Dungeon.
You worshipped Ru.
Ru was aware of your devotion.
You were very full.

You visited 1 branch of the dungeon, and saw 11 of its levels.
You also visited: Ossuary.

You collected 887 gold pieces.
You spent 294 gold pieces at shops.

Inventory:

Missiles
 d - 396 stones
 S - 3 tomahawks
 X - 8 javelins (quivered)
Armour
 a - a +0 robe
 N - a +1 robe of cold resistance (worn)
 U - a +1 hat (worn)
Jewellery
 f - a +2 ring of strength
 p - an amulet of faith (around neck)
 r - an uncursed amulet of guardian spirit
 D - an uncursed ring of protection from cold
 E - an uncursed ring of poison resistance
 I - the cursed ring "Honk" {*Slow rElec Int-3 Dex+4 Stlth+}
   (You found it on level 8 of the Dungeon)

   [ring of intelligence]

   It affects your intelligence (-3).
   It affects your dexterity (+4).
   It insulates you from electricity.
   It may slow you when you take damage.
   It makes you more stealthy.
   It has a curse placed upon it.
 K - an uncursed ring of see invisible {unknown}
 M - a +3 ring of protection (left claw)
 O - a +4 ring of dexterity (right claw)
 Q - an uncursed ring of protection from magic {unknown}
Wands
 c - a wand of digging (4)
 s - a wand of disintegration (11)
 v - a wand of iceblast (12)
 y - a wand of acid (17)
 R - a wand of enslavement (7)
 T - a wand of flame (14)
Scrolls
 g - 3 scrolls of amnesia
 h - a scroll of fog
 k - 5 scrolls of magic mapping
 u - a scroll of fear
 w - 7 scrolls of teleportation
 x - 8 scrolls of remove curse
 C - 2 scrolls of enchant weapon
 F - a scroll of immolation {unknown}
 H - a scroll of enchant armour {unknown}
 V - a scroll of vulnerability {unknown}
Potions
 e - 3 potions of haste
 i - a potion of berserk rage
 j - a potion of cancellation
 l - 2 potions of resistance
 m - 2 potions of curing
 n - a potion of ambrosia
 o - a potion of brilliance
 q - 4 potions of mutation
 t - a potion of flight
 z - 4 potions of lignification
 B - 4 potions of agility
 G - a potion of invisibility
 J - a potion of might
Books
 L - a manual of Armour
Comestibles
 b - 35 rations


   Skills:
 - Level 6.0 Fighting
 + Level 10.6 Throwing
 - Level 4.2 Dodging
 + Level 10.3 Unarmed Combat
 - Level 6.1 Evocations


You had 10 spell levels left.
You didn't know any spells.
Your spell library contained the following spells:

 Spells                   Type           Power        Failure   Level  Hunger
 Beastly Appendage        Tmut           #.....       45%         1    ##.....
 Confusing Touch          Hex            #.....       45%         1    ##.....
 Freeze                   Ice            #...         45%         1    ##.....
 Sticks to Snakes         Tmut           #.......     58%         2    ###....
 Swiftness                Chrm/Air       #.......     58%         2    ###....
 Throw Frost              Conj/Ice       #.....       58%         2    ###....
 Confuse                  Hex            #.......     83%         3    ####...
 Conjure Flame            Conj/Fire      #.......     83%         3    ####...
 Ozocubu's Armour         Chrm/Ice       #.......     83%         3    ####...
 Spider Form              Tmut/Pois      #.........   83%         3    ####...
 Cause Fear               Hex            #.........   99%         4    #####..
 Ice Form                 Ice/Tmut       #.......     99%         4    #####..
 Summon Ice Beast         Ice/Summ       #.......     99%         4    #####..
 Throw Icicle             Conj/Ice       #.......     99%         4    #####..
 Blade Hands              Tmut           #.........   100%        5    ######.
 Bolt of Magma            Conj/Fire/Erth #.........   100%        5    ######.
 Silence                  Hex/Air        #.........   100%        5    ######.
 Yara's Violent Unravell  Hex/Tmut       #.........   100%        5    ######.
 Darkness                 Hex            #.........   100%        6    #######
 Deflect Missiles         Chrm/Air       #.........   100%        6    #######
 Ring of Flames           Chrm/Fire      #.........   100%        7    #######
 Discord                  Hex            #.........   100%        8    #######


Dungeon Overview and Level Annotations

Branches:
Dungeon (11/15)            Temple (0/1) D:4
   Lair: D:8-11         Orc: D:9-12

Altars:
Dithmenos
Elyvilon
Gozag
Hepliaklqana
Nemelex Xobeh
Okawaru
Qazlal
Ru
Sif Muna
Trog
Uskayaw

Shops:
D:4 =


Innate Abilities, Weirdness & Mutations

You are too large for most types of armour.
You have claws for hands.
Your metabolism is lightning-fast.
You like to eat raw meat.
Your magical capacity is low. (-10% MP)
Your natural rate of healing is unusually fast.
You are covered in fur. (AC +1)
You have very tough skin. (AC +2)
You cannot be stealthy.


Message History

Put on which piece of jewellery? (? for menu, Esc to quit)
Okay, then.
You claw the white ugly thing!
The white ugly thing is severely wounded.
The white ugly thing kicks you.
* * * LOW HITPOINT WARNING * * *
The white ugly thing freezes you! You resist.
* * * LOW HITPOINT WARNING * * *
Okay, then.
You feel better. The white ugly thing barely misses you.
You feel better. The white ugly thing kicks you.
* * * LOW HITPOINT WARNING * * *
The white ugly thing freezes you! You resist.
* * * LOW HITPOINT WARNING * * *
You scratch the white ugly thing.
The white ugly thing is severely wounded.
The white ugly thing kicks you!
* * * LOW HITPOINT WARNING * * *
The white ugly thing freezes you! You resist.
You die...

#####..#######..
##..### ####....##
#....##..#
.##..##.###.#
.>..###.###.#######
.........†.........
.######u###.#######
#@# #.# #.###..
#..###.. #####...#
#.. #......<# #.#
....###..=# .. .#
#...# #####


You could see a white ugly thing.

Vanquished Creatures
  Gastronok (D:9)
  A hydra (D:8)
  2 two-headed ogres
  Pikel (D:4)
  A centaur skeleton (D:10)
  Prince Ribbit (D:8)
  2 hippogriffs (D:8)
  2 dream sheep (D:8)
  A wraith (D:11)
  A vampire (D:10)
  Sigmund (D:5)
  A wyvern (D:10)
  7 yaks
  Edmund (D:5)
  2 orc warriors
  2 black bears (D:10)
  2 phantoms
  2 sky beasts
  2 slaves
  A necrophage (D:10)
  2 ice beasts
  An eye of draining (D:9)
  6 ogres
  5 centaurs
  8 big kobolds
  6 bullfrogs
  A gnoll sergeant (D:6)
  A wyvern skeleton (D:11)
  2 scorpions
  11 killer bees
  8 wights
  5 howler monkeys
  7 crimson imps
  A quasit (D:8)
  6 orc priests
  6 hounds
  Ijyb (D:4)
  4 bullfrog skeletons
  4 iguanas
  11 orc wizards
  10 worker ants
  A big kobold zombie (Ossuary)
  A hound zombie (D:8)
  A hound skeleton (D:7)
  8 mummies (Ossuary)
  A worker ant zombie (D:8)
  Robin (D:3)
  14 gnolls
  A howler monkey skeleton (D:10)
  15 adders
  2 shadow imps
  4 oozes
  8 worms
  6 dart slugs
  9 leopard geckos
  33 orcs
  2 ball pythons
  14 bats
  5 giant cockroaches
  18 goblins
  14 hobgoblins
  22 jackals
  22 kobolds
  11 quokkas
  5 frilled lizards
  A gnoll zombie (Ossuary)
  3 hobgoblin zombies (Ossuary)
  2 jackal skeletons
  2 kobold zombies (Ossuary)
  An orc zombie (Ossuary)
  7 rats
374 creatures vanquished.

Vanquished Creatures (others)
  6 plants (D:8)
6 creatures vanquished.

Grand Total: 380 creatures vanquished

Notes
Turn   | Place    | Note
-------+----------+-------------------------------------------
     0 | D:1      | tilp the Troll Monk began the quest for the Orb.
     0 | D:1      | Reached XP level 1. HP: 22/22 MP: 0/0
    47 | D:1      | Reached XP level 2. HP: 29/29 MP: 1/1
   388 | D:1      | Reached XP level 3. HP: 36/36 MP: 2/2
   754 | D:2      | Reached XP level 4. HP: 44/44 MP: 3/3
   804 | D:2      | Reached skill level 5 in Unarmed Combat
   940 | D:2      | Found a shadowy altar of Dithmenos.
  1059 | D:2      | Found a sacrificial altar of Ru.
  1068 | D:2      | Reached XP level 5. HP: 50/50 MP: 4/4
  1083 | D:2      | Became a worshipper of Ru the Awakened
  1087 | D:2      | Gained mutation: Your magical capacity is low. (-10% MP)
                  | [Ru sacrifice]
  1205 | D:2      | Found a faded altar of an unknown god.
  1509 | D:3      | Found a deep blue altar of Sif Muna.
  1603 | D:3      | Noticed Robin
  1624 | D:3      | Killed Robin
  1705 | D:3      | Reached XP level 6. HP: 51/59 MP: 4/4
  2179 | D:3      | Found an iron altar of Okawaru.
  2277 | D:4      | Noticed Pikel
  2277 | D:4      | Noticed a slave
  2277 | D:4      | Noticed a slave
  2277 | D:4      | Noticed a slave
  2277 | D:4      | Noticed a slave
  2285 | D:3      | Killed a slave
  2390 | D:4      | Found a white marble altar of Elyvilon.
  2501 | D:4      | Noticed Ijyb
  2509 | D:4      | Killed Ijyb
  2631 | D:4      | Reached XP level 7. HP: 66/66 MP: 5/5
  2646 | D:4      | Found a staircase to the Ecumenical Temple.
  2705 | D:4      | Found Xievejan's Jewellery Boutique.
  2888 | D:4      | Killed Pikel
  2888 | D:4      | Reached XP level 8. HP: 72/78 MP: 6/6
  3182 | D:5      | Entered Level 5 of the Dungeon
  3204 | D:5      | Found an opulent altar of Gozag.
  3271 | D:5      | Found a sand-covered staircase.
  3276 | Ossuary  | Entered an ossuary
  3323 | Ossuary  | Reached skill level 5 in Fighting
  3735 | D:5      | Found a stormy altar of Qazlal.
  3828 | D:5      | Reached skill level 1 in Throwing
  4009 | D:5      | Noticed Edmund
  4020 | D:5      | Killed Edmund
  4095 | D:5      | Noticed Sigmund
  4102 | D:5      | Killed Sigmund
  4422 | D:6      | Reached XP level 9. HP: 83/89 MP: 7/7
  4495 | D:6      | Noticed a +0 hand axe
  4496 | D:6      | Noticed a +0 dagger
  4497 | D:6      | Found a hide-covered altar of Uskayaw.
  4612 | D:6      | Reached skill level 5 in Throwing
  6249 | D:7      | Identified the Collected Works on Good Luck and the
                  | Snowflakes
  6414 | D:4      | Bought a +3 ring of protection for 294 gold pieces
  6537 | D:8      | Got a translucent platinum ring
  6539 | D:8      | Noticed a two-headed ogre
  6555 | D:8      | Killed a two-headed ogre
  6555 | D:8      | Reached XP level 10. HP: 78/98 MP: 8/8
  6598 | D:8      | Found a sparkling altar of Nemelex Xobeh.
  6659 | D:8      | Reached skill level 1 in Evocations
  7017 | D:8      | Noticed Prince Ribbit
  7239 | D:8      | Noticed a three-headed hydra
  7272 | D:8      | Killed a three-headed hydra
  7272 | D:8      | Reached skill level 5 in Evocations
  7511 | D:8      | Killed Prince Ribbit
  7661 | D:8      | Identified Sif Muna's Tome of the Arsonist and the Oath
  7940 | D:9      | Found a bloodstained altar of Trog.
  7999 | D:9      | Reached XP level 11. HP: 105/105 MP: 13/13
  8067 | D:9      | Identified the cursed ring "Honk" {*Slow rElec Int-3 Dex+4
                  | Stlth+} (You found it on level 8 of the Dungeon)
  8083 | D:9      | Noticed Gastronok
  8118 | D:9      | Found a hazy altar of Hepliaklqana.
  8119 | D:9      | Found an iron altar of Okawaru.
  8121 | D:9      | Found a bloodstained altar of Trog.
  8147 | D:9      | Killed Gastronok
  8401 | D:10     | Entered Level 10 of the Dungeon
  8435 | D:10     | Gained mutation: You cannot be stealthy. [Ru sacrifice]
  8435 | D:10     | Reached * piety under Ru
  8981 | D:10     | Noticed a two-headed ogre
  8988 | D:10     | Reached skill level 10 in Throwing
  8993 | D:10     | Killed a two-headed ogre
  9193 | D:10     | Reached skill level 10 in Unarmed Combat
  9219 | D:10     | Found a deep blue altar of Sif Muna.
  9696 | D:11     | Noticed a white ugly thing
  9712 | D:11     | Slain by a white ugly thing

Vault maps used:
D:1:      evilmike_arrival_crescent
D:2:      nicolae_overflow_hidden_temple, lemuel_doored_altar,
          chequers_ecumenical_altar_simple_redux, hangedman_feature_mirror,
          nicolae_ru_great_annihilating_truth
D:3:      minmay_inner_zag, overflow_temple_1_default, first_ration,
          hangedman_decor_clover_reticule, okawaru_trees_1, uniq_robin
D:4:      elyvilon_altar_3, minmay_temple_entry_mini_moons, serial_shops, shop,
          uniq_ijyb, uniq_pikel
D:5:      kennysheep_mini, nicolae_ossuary_entry_plus, basic_altar,
          minmay_door_square, minmay_misc_feat_columns, sigmund_edmund_badplayer
D:6:      kennysheep_big_flooded_room, dancing_weapons_uskayaw,
          minmay_manual_moon
D:8:      marbit_many_paths, hangedman_ranch,
          eino_small_chamber_without_monster, uniq_prince_ribbit1
D:9:      minitemple, trog_eyes_of_draining, uniq_gastronok
D:10:     led_sif_book
D:11:     david_lair_generic, minmay_shop_grid_forest, lemuel_another_geyser
Ossuary:  ossuary_tomb_3

Skill      XL: |  1  2  3  4  5  6  7  8  9 10 11 |
---------------+----------------------------------+-----
Unarmed Combat | 4 5 6 8 10 | 10.3
Fighting       | 4 6 |  6.0
Dodging        | 4 |  4.2
Throwing       | 4 8 9 10 | 10.6
Evocations     | 6 |  6.1
Stealth        | 0 |  0.0

Action                   |  1- 3 |  4- 6 |  7- 9 | 10-12 || total
-------------------------+-------+-------+-------+-------++-------
Melee: Unarmed           |    78 |   234 |   340 |   423 ||  1075
       Punch             |     1 |     8 |    17 |    29 ||    55
Throw: Stone             |       |       |     6 |     8 ||    14
       Tomahawk          |       |       |       |     3 ||     3
       Throwing net      |       |       |       |     2 ||     2
Invok: Sacrifice Essence |       |     1 |       |       ||     1
       Reject Sacrifices |       |       |     1 |       ||     1
       Sacrifice Stealth |       |       |       |     1 ||     1
Evoke: Wand              |       |       |       |     4 ||     4
  Use: Scroll            |       |     9 |    13 |     2 ||    24
       Potion            |       |       |       |     3 ||     3
 Stab: Sleeping          |     1 |     4 |     4 |     2 ||    11
       Paralysed         |       |     1 |       |       ||     1
       Held in net/web   |       |       |       |     1 ||     1
  Eat: Chunk             |    12 |    18 |    36 |    27 ||    93
Armor: Robe              |    28 |    99 |    71 |   114 ||   312
Dodge: Dodged            |    26 |   133 |   180 |   187 ||   526

Table legend:
 A = Non-vault XP
 B = Vault XP
 C = Vault XP percentage of total XP
 D = Non-vault monster count
 E = Vault monster count
 F = Vault count percentage of total count
                 A         B        C        D         E       F
            +---------+---------+-------+---------+---------+-------
      Total |   10800 |    7845 |  42.1 |     307 |      65 |  17.5
            +---------+---------+-------+---------+---------+-------
        D:1 |      58 |       0 |   0.0 |      26 |       0 |   0.0
        D:2 |     130 |      69 |  34.7 |      31 |       6 |  16.2
        D:3 |     194 |      81 |  29.5 |      33 |      18 |  35.3
        D:4 |     365 |     679 |  65.0 |      21 |       2 |   8.7
        D:5 |     658 |     377 |  36.4 |      26 |       2 |   7.1
        D:6 |     500 |     543 |  52.1 |      26 |       7 |  21.2
        D:7 |     731 |       0 |   0.0 |      20 |       0 |   0.0
        D:8 |    2219 |    3376 |  60.3 |      48 |      10 |  17.2
        D:9 |     828 |    2542 |  75.4 |      14 |       4 |  22.2
       D:10 |    4451 |       0 |   0.0 |      53 |       0 |   0.0
       D:11 |     666 |       0 |   0.0 |       9 |       0 |   0.0
    Ossuary |       0 |     178 | 100.0 |       0 |      16 | 100.0
            +---------+---------+-------+---------+---------+-------
